 Dungeon Crawl Stone Soup version 0.31-a0-1059-g83d41fd8b6 (webtiles) character file.

Game seed: 2782887163567637091

1479659 Ge0ff the Sabretooth (level 26, 156/156 HPs)
             Began as a Felid Reaver on Nov 20, 2023.
             Was an Initiate of Gozag.
             Escaped with the Orb
             ... and 3 runes on Nov 21, 2023!
             The game lasted 03:57:57 (91670 turns).

Ge0ff the Sabretooth (Felid Reaver)                Turns: 91670, Time: 03:57:58

Health: 156/156    AC: 32    Str: 17      XL:     26   Next: 62%
Magic:  35/35      EV: 51    Int: 18 (19) God:    Gozag
Gold:   11741      SH:  0    Dex: 34      Spells: 8/47 levels left
                                        Lives:  2   Deaths: 2

rFire   + .          .
                       - Unarmed
rCold   + + +        (shield unavailable)
rNeg    + + .        (body armour unavailable)
rPois   ∞            (helmet unavailable)
rElec   +            (cloak unavailable)
rCorr   .            (gloves unavailable)
SInv    +            (boots unavailable)
Will    +++..        c - amulet "Gotz" {Drain rPois Regen+ Str+5 Int+3}
Stlth   +++          b - ring "Bosevous" {rElec rC+++ Str-2 Int-3 Dex+6}
HPRegen 1.26/turn    Q - ring "Liag" {rF+ rN+ Str+6 Dex+6, =R}
MPRegen 0.24/turn

%: clarity
@: statue-form, studying Evocations, very slow
A: slow and powerful, torment resistance 1, boosted hp, very small, claws 1,
fangs 3, see invisible, (speed 1), (shaggy fur 3), stealthy paws, no weapons or
thrown items, no armour, multi-lived, antennae 1, clarity, deterioration 1, low
MP 1
0: Orb of Zot
}: 3/15 runes: serpentine, barnacled, silver
a: Begin Untransformation, Renounce Religion, Potion Petition, Call Merchant,
Bribe Branch


You escaped.
You worshipped Gozag.
Gozag was extremely pleased with you.
You were a living statue of rough stone.
You visited 10 branches of the dungeon, and saw 48 of its levels.
You also visited: Trove, Bailey and Gauntlet.

You collected 31236 gold pieces.
You spent 9370 gold pieces at shops.
You paid 10125 gold pieces to Gozag.

Inventory:

Jewellery
 a - the amulet "Liecwin" {RegenMP rElec rPois Dex+7 Slay-2}
   (You took it off a deep elf demonologist on level 3 of the Elven Halls)

   [amulet of magic regeneration]

   RegenMP:   It increases your rate of magic regeneration.
   Dex+7:     It affects your dexterity (+7).
   Slay-2:    It affects your accuracy & damage with ranged weapons and melee
   (-2).
   rElec:     It insulates you from electricity.
   rPois:     It protects you from poison
 b - the ring "Bosevous" (left paw) {rElec rC+++ Str-2 Int-3 Dex+6}
   (You took it off a spriggan defender on level 2 of the Depths)

   [ring of dexterity]

   Str-2:     It affects your strength (-2).
   Int-3:     It affects your intelligence (-3).
   Dex+6:     It affects your dexterity (+6).
   rC+++:     It renders you almost immune to cold.
   rElec:     It insulates you from electricity.
 c - the amulet "Gotz" (around neck) {Drain rPois Regen+ Str+5 Int+3}
   (You took it off a yaktaur captain on level 5 of the Vaults)

   [amulet of regeneration]

   Str+5:     It affects your strength (+5).
   Int+3:     It affects your intelligence (+3).
   rPois:     It protects you from poison Regen+: It increases your rate of
   health regeneration.
   Drain:     It drains your maximum health when unequipped.
 g - a ring of the Octopus King {rCorr HP+2 AC+2 EV+2 SH+2}
   (You took it off a deep elf demonologist on level 3 of the Elven Halls)

   [ring of resist corrosion]

   AC+2:      It affects your AC (+2).
   EV+2:      It affects your evasion (+2).
   HP+2:      It affects your health (+2).
   rCorr:     It protects you from acid and corrosion.
   SH+2:      It affects your SH (+2).
 h - the ring of Vientout {Fly rPois Will+ SInv}
   (You found it on level 1 of the Vaults)

   [ring of poison resistance]

   rPois:     It protects you from poison Will+: It increases your willpower.
   SInv:      It lets you see invisible.
   Fly:       It grants you flight.
 i - the ring of Uttoofanine {rElec Dex+6}
   (You took it off a deep elf annihilator on level 1 of the Depths)

   [ring of dexterity]

   Dex+6:     It affects your dexterity (+6).
   rElec:     It insulates you from electricity.
 m - the ring of Wecveopp {Fire Fly}
   (You took it off a vault sentinel on level 5 of the Vaults)

   [ring of fire]

   Fire:      It enhances your fire magic.
   rF+:       It protects you from fire.
   rC-:       It makes you vulnerable to cold.
   Fly:       It grants you flight.
 v - a +6 ring of intelligence
 w - the ring "Fietsiupp" {Fire rCorr Int+3}
   (You found it on level 2 of the Orcish Mines)

   [ring of fire]

   Fire:      It enhances your fire magic.
   Int+3:     It affects your intelligence (+3).
   rF+:       It protects you from fire.
   rC-:       It makes you vulnerable to cold.
   rCorr:     It protects you from acid and corrosion.
 x - an amulet of reflection
 D - the ring "Dita Ily" {rPois rC++}
   (You took it off a yaktaur captain on level 1 of the Vaults)

   [ring of poison resistance]

   rC++:      It greatly protects you from cold.
   rPois:     It protects you from poison
 Q - the ring "Liag" (right paw) {rF+ rN+ Str+6 Dex+6, =R}
   (You bought it in a shop on level 4 of the Shoals)

   [ring of dexterity]

   Str+6:     It affects your strength (+6).
   Dex+6:     It affects your dexterity (+6).
   rF+:       It protects you from fire.
   rN+:       It protects you from negative energy.
 Y - an amulet of the acrobat
Talismans
 G - a granite talisman (active)
Wands
 d - a wand of digging (12)
 e - a wand of charming (38)
 f - a wand of flame (47)
 j - a wand of quicksilver (31)
 r - a wand of roots (65)
 s - a wand of mindburst (43)
 P - a wand of polymorph (34)
Scrolls
 p - 2 scrolls of torment
 y - 8 scrolls of immolation
 B - 6 scrolls of blinking
 C - 2 scrolls of poison
 E - a scroll of fear
 F - 3 scrolls of fog
 J - 3 scrolls of silence {!r}
 S - 4 scrolls of summoning
 T - 21 scrolls of teleportation
 V - 7 scrolls of vulnerability
Potions
 k - a potion of experience
 o - a potion of ambrosia
 q - 4 potions of curing
 u - 5 potions of mutation {!q}
 z - 17 potions of brilliance
 A - 8 potions of attraction
 H - 6 potions of haste {!q}
 I - 2 potions of invisibility
 K - 6 potions of magic {!q}
 L - 7 potions of lignification
 M - 7 potions of might
 N - 5 potions of cancellation {!q}
 R - 8 potions of resistance
 W - 16 potions of heal wounds {!q}
 X - 5 potions of enlightenment
 Z - 3 potions of berserk rage {!q}
Miscellaneous
 l - a lightning rod (4/4)
 n - a phial of floods
 t - a tin of tremorstones (2/2)
 O - a sack of spiders
 U - a phantom mirror


   Skills:
 - Level 15.0 Fighting
 + Level 20.9 Dodging
 + Level 16.6 Stealth
 O Level 27 Unarmed Combat
 - Level 11.0 Spellcasting
 - Level 10.0 Conjurations
 - Level 12.0 Hexes
 - Level 10.0 Summonings
 - Level 15.0 Translocations
 - Level 12.0 Transmutations
 - Level 5.0 Ice Magic
 - Level 7.0 Air Magic
 - Level 5.9 Earth Magic
 - Level 5.0 Poison Magic
 + Level 14.3 Evocations
 + Level 20.3 Shapeshifting


You had 8 spell levels left.
You knew the following spells:

 Your Spells              Type           Power      Damage    Failure   Level
f - Mephitic Cloud        Conj/Pois/Air  36%        N/A       1%          3
g - Apportation           Tloc           100%       N/A       0%          1
j - Ensorcelled Hibernat  Hex/Ice        80%        N/A       1%          2
p - Fulminant Prism       Conj/Hex       24%        3d12      1%          4
s - Call Canine Familiar  Summ           45%        N/A       1%          3
w - Passwall              Tmut/Erth      35%        N/A       1%          2
y - Yara's Violent Unrav  Hex/Tmut       26%        3d11      1%          5
B - Blink                 Tloc           100%       N/A       1%          2
C - Vhi's Electric Charg  Tloc/Air       98%        N/A       1%          4
E - Irradiate             Conj/Tmut      24%        3d19      2%          5
F - Summon Guardian Gole  Hex/Summ       49%        N/A       1%          3
I - Silence               Hex/Air        22%        N/A       4%          5

Your spell library contained the following spells:

 Spells                   Type           Power      Damage    Failure   Level
 Foxfire                  Conj/Fire      100%       2x1d9     1%          1
 Kiss of Death            Conj/Necr      100%       2d13      1%          1
 Magic Dart               Conj           100%       1d8       1%          1
 Slow                     Hex            100%       N/A       1%          1
 Sting                    Tmut/Pois      100%       1d8       1%          1
 Summon Small Mammal      Summ           100%       N/A       1%          1
 Cigotuvi's Dreadful Rot  Necr/Pois/Air  48%        N/A       1%          2
 Lesser Beckoning         Tloc           100%       N/A       1%          2
 Momentum Strike          Conj/Tloc      100%       3d10      1%          2
 Poisonous Vapours        Pois/Air       62%        N/A       1%          2
 Searing Ray              Conj           90%        2d7       1%          2
 Wereblood                Tmut           52%        N/A       1%          2
 Confusing Touch          Hex            52%        N/A       1%          3
 Dazzling Flash           Conj/Hex       98%        N/A       1%          3
 Gell's Gravitas          Tloc           59%        N/A       1%          3
 Hailstorm                Conj/Ice       36%        3d9       1%          3
 Sigil of Binding         Hex            52%        N/A       1%          3
 Swiftness                Air            35%        N/A       1%          3
 Teleport Other           Tloc           59%        N/A       1%          3
 Tukima's Dance           Hex            52%        N/A       1%          3
 Volatile Blastmotes      Fire/Tloc      72%        2d16      1%          3
 Leda's Liquefaction      Hex/Erth       21%        N/A       1%          4
 Manifold Assault         Tloc           59%        N/A       1%          4
 Passage of Golubria      Tloc           59%        N/A       1%          4
 Petrify                  Tmut/Erth      42%        N/A       1%          4
 Ignite Poison            Fire/Tmut/Pois 30%        N/A       2%          3
 Ozocubu's Armour         Ice            27%        N/A       2%          3
 Brom's Barrelling Bould  Conj/Erth      38%        2d6       2%          4
 Dispersal                Tloc           29%        N/A       2%          6
 Summon Ice Beast         Ice/Summ       36%        N/A       3%          4
 Iskenderun's Battlesphe  Conj           45%        2d10      3%          5
 Alistair's Intoxication  Tmut/Pois      26%        N/A       6%          5
 Arcjolt                  Conj/Air       20%        1d30      6%          5
 Metabolic Englaciation   Hex/Ice        20%        N/A       6%          5
 Necrotise                Necr           36%        1d5       7%          1
 Olgreb's Toxic Radiance  Pois           27%        N/A       9%          4
 Sticky Flame             Conj/Fire      27%        2d5       9%          4
 Freezing Cloud           Conj/Ice/Air   18%        6-21      10%         5
 Lee's Rapid Deconstruct  Erth           15%        3d10*     17%         5
 Vampiric Draining        Necr           9%         2d6       22%         3
 Fireball                 Conj/Fire      13%        3d7       26%         5
 Conjure Ball Lightning   Conj/Air       20%        3x3d6     32%         6
 Eringya's Noxious Bog    Tmut/Pois      20%        4d6       32%         6
 Malign Gateway           Summ/Tloc      26%        N/A       34%         7
 Borgnjor's Vile Clutch   Necr/Erth      10%        N/A       52%         5
 Dispel Undead            Necr           9%         3d8       56%         4
 Orb of Destruction       Conj           22%        9d8       69%         7
 Starburst                Conj/Fire      13%        6d6       80%         6
 Plasma Beam              Fire/Air       11%        2x1d22    95%         6
 Death Channel            Necr           4%         N/A       100%        6
 Haunt                    Necr/Summ      13%        N/A       100%        7
 Ozocubu's Refrigeration  Ice            13%        4d10      100%        7
 Ignition                 Fire           4%         3d4       100%        8
 Infestation              Necr           4%         N/A       100%        8
 Lehudib's Crystal Spear  Conj/Erth      19%        10d6      100%        8
 Maxwell's Capacitive Co  Air            17%        ∞         100%        8
 Summon Horrible Things   Summ           22%        N/A       100%        8
 Shatter                  Erth           15%        3d15*     100%        9
 Animate Armour           Summ/Erth      Unusable   N/A       N/A         4
 Sublimation of Blood     Necr           Unusable   N/A       N/A         2
 Animate Dead             Necr           Unusable   N/A       N/A         4

Dungeon Overview and Level Annotations

Branches:
Dungeon (15/15)            Temple (1/1) D:7            Lair (5/5) D:10
 Shoals (4/4) Lair:2        Snake (4/4) Lair:3        Slime (0/5) Lair:4
    Orc (2/2) D:10            Elf (3/3) Orc:2        Vaults (5/5) D:14
  Crypt (0/3) Vaults:2     Depths (4/4) D:15            Zot (5/5) Depths:4
 Bailey (visited)         Gauntlet (visited)

Altars:
Ashenzari
Cheibriados
Dithmenos
Elyvilon
Fedhas
Gozag
Hepliaklqana
Kikubaaqudgha
Makhleb
Nemelex Xobeh
Okawaru
Qazlal
Ru
Sif Muna
Trog
Uskayaw
Vehumet
Wu Jian
Xom
Yredelemnul
Zin
The Shining One
Jiyva

Shops:
D:7 *   D:10 :   D:12 (   Orc:1 *   Orc:2 [[![   Elf:1 :   Shoals:3 ?
Shoals:4 =(   Snake:1 ?   Snake:3 [   Depths:3 *

Portals:
Hell: Depths:1 Depths:2 Depths:3 Depths:4
Abyss: Depths:3
Pandemonium: Depths:1 Depths:2
Ziggurat: Depths:4


Innate Abilities, Weirdness & Mutations

You are a living statue of rough stone.
Your actions are slow, but your melee attacks are powerful.
You are resistant to unholy torment.
Your maximum health is greatly increased.
You are immune to poison.
You have sharp claws.
You have razor-sharp teeth.
You have supernaturally acute eyesight. (SInv)
((You cover ground quickly. (Speed+)))
((Your thick and shaggy fur keeps you warm. (AC +3, rC+)))
Your paws help you pounce on unaware monsters.
You are incapable of wielding weapons or throwing items.
You cannot wear armour.
You gain extra lives every three experience levels.
You have a pair of small antennae on your head.
You possess an exceptional clarity of mind.
Your body sometimes deteriorates upon taking damage.
Your magical capacity is low. (-10% MP)


Message History

You see here 16 gold pieces.
You now have 11699 gold pieces (gained 16).
The chaos spawn completely misses you.
You closely miss the chaos spawn. You claw the chaos spawn!
The chaos spawn is moderately wounded.
The chaos spawn completely misses you.
You eviscerate the chaos spawn!!!!
You kill the chaos spawn!
The chaos spawn degenerates into a cloud of primal chaos!
You now have 11718 gold pieces (gained 19).
There is a stone staircase leading up here.
You climb upwards.
There is a stone staircase leading down here.
There is a stone staircase leading up here.
A Brimstone Fiend comes into view.
You charge forward with an electric crackle!
You eviscerate the Brimstone Fiend and electrocute it!!!
You bite the Brimstone Fiend, but do no damage.
The Brimstone Fiend is heavily wounded.
The Brimstone Fiend barely misses you.
The Brimstone Fiend completely misses you. x2
You claw the Brimstone Fiend!
The Brimstone Fiend is severely wounded.
The Brimstone Fiend calls on the powers of darkness!
Your body is wracked with pain!
Your body deteriorates!
You feel dopey.
Casting: Vhi's Electric Charge (mildly dangerous; 1% risk of failure)
Confirm with . or Enter, or press ? or * to list all spells.
You erupt in a fountain of uncontrolled magic!
The Brimstone Fiend is blasted with magical radiation!
The Brimstone Fiend is almost dead.
You are very lightly contaminated with residual magic.
The Brimstone Fiend calls on the powers of darkness!
Your body is wracked with pain!
You claw the Brimstone Fiend!
You kill the Brimstone Fiend!
You now have 11741 gold pieces (gained 23).
There is a stone staircase leading up here.
You start resting.
Your magical contamination has completely faded away.
Magic restored.
A shadow demon comes into view.
You climb upwards.
There is a stone staircase leading down here.
HP restored.
There is an escape hatch in the ceiling here.
A mysterious force pulls you upwards. The hatch slams shut behind you.
There is a staircase leading out of the dungeon here.
You have escaped!

#....# #...... #....# #......
#....# ######### ###.... #....#
##.......## #....
####'#######.........## #....
#.........#.....8.....#######....
#.##.####....8..8..8....##.......
#.##.# #.#...........#.)........
#.##.# #.##....8....#####......#
#.##.# #.###.......## #......#
#.##.####'########### #......#
#.##.#.....#...# #......#
#.##.#.......#.# ########
#.##.#.....###.# # #.##.#.††..#
#.# # #.##.#.....###+######
#.##.#..............#


There were no monsters in sight!

Vanquished Creatures
  3 dread liches (Zot:5)
  2 orbs of fire (Zot:5)
  10 ancient liches
  2 juggernauts
  Vv (Zot:2)
  Frederick (Vaults:2)
  Vashnia (Snake:3)
  4 Killer Klowns (Zot:5)
  A caustic shrike (Depths:2)
  Xtahua (Vaults:4)
  4 curse toes
  14 golden dragons
  A profane servitor (Depths:4)
  Nikola (Snake:3)
  Jory (Vaults:2)
  the Enchantress (Depths:2)
  4 electric golems
  A Brimstone Fiend (D:3)
  21 tentacled monstrosities
  2 liches
  Jorgrun (D:14)
  An Ice Fiend (Depths:4)
  Asterion (Vaults:1)
  3 titans (Vaults:5)
  29 Orb Guardians
  5 quicksilver dragons
  3 deep elf blademasters
  A deep elf master archer (Elf:3)
  11 sphinxes
  An Executioner (D:4)
  An ancient champion (Depths:1)
  A kraken (Shoals:1)
  8 death cobs
  15 shadow dragons
  14 storm dragons
  16 nagarajas (Snake:4)
  5 tengu reavers
  Ilsuiw (Shoals:3)
  Aizul (Vaults:1)
  6 frost giants
  3 draconian monks (Zot:2)
  A revenant (Vaults:2)
  6 fire giants
  7 draconian knights
  7 ghost moths
  7 iron dragons
  7 draconian scorchers
  12 deep elf sorcerers
  A balrug (Depths:1)
  9 draconian shifters
  19 vault wardens
  3 deep elf elementalists (Elf:3)
  A cacodemon (D:7)
  5 draconian annihilators
  2 ghouls (Zot:4)
  The ghost of Paaligas the Warrior, a journeyman GrCA of Lugonu (Elf:2)
  3 spriggan defenders (Depths:2)
  A reaper (Depths:3)
  A broodmother (shapeshifter) (Vaults:5)
  4 draconian stormcallers
  22 ironbound preservers
  16 very ugly things
  5 formless jellyfish
  14 ironbound thunderhulks
  16 green draconians
  2 elemental wellsprings (Depths:2)
  17 stone giants
  3 war gargoyles
  A lorocyproca (Depths:1)
  3 vampire knights
  An eleionoma (shapeshifter) (D:14)
  9 yellow draconians
  3 deep elf demonologists
  6 purple draconians
  10 black draconians
  10 deep elf annihilators
  14 spark wasps
  3 dire elephants (Vaults:4)
  Azrael (D:14)
  A minotaur (Gauntlet)
  7 red draconians
  11 white draconians
  2 eidola (Vaults:4)
  The ghost of Prykner the Eclecticist, a journeyman GrEE of Vehumet (Orc:2)
  9 merfolk javelineers
  A green death (Zot:4)
  7 fire dragons
  2 jiangshi (Depths:3)
  16 ettins
  12 deep elf high priests
  5 entropy weavers
  8 deep elf death magi
  6 merfolk impalers
  23 yaktaur captains
  7 great orbs of eyes
  7 ogre magi
  2 salamander tyrants
  33 vault guards
  7 ice dragons
  A hell beast (Depths:1)
  4 hydras
  10 anacondas
  2 catoblepae
  3 peacekeepers
  2 merfolk avatars (Shoals:4)
  9 spriggan air magi
  15 two-headed ogres
  4 centaur warriors
  2 merfolk aquamancers (Shoals:4)
  11 ironbound frosthearts
  29 dancing weapons
  5 deep troll shamans
  7 boulder beetles
  3 demonic crawlers (D:13)
  6 tengu warriors
  4 deep troll earth magi
  3 satyrs
  2 sphinx skeletons (D:15)
  10 naga warriors
  3 shock serpents
  5 spriggan berserkers
  6 vampire magi
  2 occultists (Depths:2)
  7 naga sharpshooters
  14 hell knights
  A soul eater (D:9)
  4 sun demons (Shoals:3)
  20 deep elf knights
  7 iron trolls
  2 sixfirhies
  A titan skeleton (Depths:1)
  3 skysharks
  17 sea snakes
  A spectral spark wasp (Depths:1)
  A skyshark (shapeshifter) (Vaults:5)
  4 skeletal warriors
  A flayed ghost (Depths:3)
  5 salamander mystics
  A spark wasp zombie (Depths:1)
  5 large abominations
  2 glowing orange brains
  59 deep trolls
  7 naga ritualists
  A lindwurm (shapeshifter) (Elf:1)
  A shadow demon (D:15)
  A tengu zombie (Vaults:2)
  7 deep elf archers
  4 phantasmal warriors
  3 harpies (shapeshifter)
  2 orange crystal statues
  27 harpies
  2 arcanists (Vaults:2)
  17 ironbound convokers
  20 deep elf zephyrmancers
  7 orc knights
  8 mana vipers
  28 deep elf pyromancers
  6 necromancers
  A stone giant zombie (Depths:1)
  6 orc sorcerers
  24 ugly things
  15 manticores
  24 fauns
  A human zombie (Vaults:2)
  A stone giant skeleton (Depths:1)
  4 cyclopes
  A fire giant zombie (Vaults:2)
  16 salamanders
  13 merfolk sirens
  10 naga magi
  23 moths of wrath
  Maurice (D:10)
  4 guardian serpents
  7 water nymphs
  34 black mambas
  7 elephants
  A torpor snail (Lair:4)
  20 vault sentinels
  Maggie (Lair:2)
  7 cane toads
  2 unseen horrors
  A gargoyle (Gauntlet)
  A yaktaur zombie (Vaults:2)
  5 kobold demonologists
  2 freezing wraiths
  4 rime drakes
  10 komodo dragons
  45 yaktaurs
  19 merfolk
  A yaktaur skeleton (Vaults:2)
  4 tengu conjurers
  3 meliai (D:14)
  4 trolls
  A red devil (Depths:4)
  4 polar bears
  Grinder (D:6)
  A tarantella (shapeshifter) (Vaults:5)
  10 hornets
  3 glass eyes (Depths:3)
  A wind drake (Shoals:1)
  5 dream sheep (Lair:5)
  A dream sheep (shapeshifter) (Depths:4)
  13 blink frogs
  A jumping spider (shapeshifter) (D:14)
  10 snapping turtles
  26 slime creatures
  8 water elementals
  5 small abominations (D:13)
  21 spriggans
  6 air elementals
  3 wraiths
  A vampire (D:11)
  8 fire elementals
  A human (shapeshifter) (Elf:2)
  3 wyverns
  23 yaks
  Grum (D:11)
  8 humans (D:14)
  3 basilisks
  13 vampire mosquitoes
  2 chaos spawn
  A steam dragon (D:7)
  8 redbacks (Elf:3)
  4 death yak simulacra (D:13)
  7 wargs
  2 acid dragons
  2 hell hounds
  32 nagas
  2 hydra simulacra (D:13)
  23 orc warriors
  Duvessa (D:4)
  A tengu skeleton (Depths:1)
  16 water moccasins
  5 black bears
  A meliai simulacrum (D:15)
  A sky beast (D:8)
  9 boggarts
  A tengu (shapeshifter) (Vaults:5)
  8 centaurs
  23 ogres
  53 wolves
  11 kobold brigands
  A phantom (D:5)
  9 bullfrogs
  2 earth elementals
  2 gnoll sergeants (D:9)
  2 scorpions
  Dowan (D:4)
  7 killer bees
  6 electric eels
  10 howler monkeys
  2 vampire bats (Orc:2)
  A crimson imp (D:13)
  3 gnoll boudas (D:9)
  A hound (D:5)
  9 orc priests
  4 iguanas
  2 sleepcaps (D:5)
  Natasha (D:3)
  17 orc wizards
  A gnoll (D:10)
  5 adders
  A shadow imp (D:7)
  A white imp (D:6)
  2 hell rat simulacra (D:13)
  6 ufetubi
  3 dart slugs
  49 orcs
  4 endoplasms
  4 giant cockroaches
  11 goblins
  9 hobgoblins
  8 jackals
  21 kobolds
  3 quokkas
  7 ball pythons
  11 bats
  5 frilled lizards
  5 rats
  A butterfly (Lair:4)
  4 tentacles (Shoals:1)
2024 creatures vanquished.

Vanquished Creatures (collateral kills)
  A sphinx (Depths:3)
  A draconian annihilator (Zot:2)
  A black draconian (Zot:2)
  A stone giant (Depths:3)
  A purple draconian (Zot:2)
  2 yellow draconians (Zot:2)
  A centaur warrior (D:14)
  A spriggan air mage (Depths:3)
  An ironbound frostheart (Vaults:1)
  2 two-headed ogres
  A tengu warrior (Depths:3)
  A naga warrior (Snake:3)
  A death yak (Lair:1)
  A naga sharpshooter (Snake:3)
  An ironbound convoker (Vaults:1)
  A salamander (Snake:3)
  A cyclops (Orc:1)
  2 moths of wrath (Zot:2)
  2 elephants
  A naga mage (Snake:3)
  A komodo dragon (Lair:4)
  3 blink frogs
  A hornet (Depths:3)
  2 spriggans (Depths:3)
  A shadow (D:12)
  6 yaks
  A basilisk (Lair:4)
  5 wargs
  2 orc warriors (Orc:2)
  An ogre (Orc:2)
  A gnoll sergeant (D:9)
  A scorpion (D:6)
  3 wights
  5 orc priests
  A gnoll bouda (D:9)
  2 orc wizards
  2 adders (D:5)
  15 orcs
  4 bats (Orc:2)
  A hobgoblin (D:4)
  5 kobolds
  A butterfly (Lair:4)
88 creatures vanquished.

Vanquished Creatures (others)
  An Orb Guardian (Zot:5)
  A death cob (Zot:2)
  2 fire giants
  A draconian monk (Zot:4)
  An iron dragon (Depths:2)
  A draconian scorcher (Zot:4)
  An ironbound preserver (Vaults:4)
  3 hydras
  2 vault guards
  3 two-headed ogres
  4 death yaks (Lair:1)
  A large abomination (D:13)
  An oklob plant (Lair:3)
  An orc knight (Bailey)
  A deep elf zephyrmancer (Elf:1)
  A cyclops (D:9)
  A vault sentinel (Vaults:2)
  An elephant (Lair:2)
  A black mamba (Lair:2)
  A gargoyle (D:14)
  A cane toad (Lair:3)
  A rime drake (Lair:5)
  A komodo dragon (Lair:2)
  A yaktaur (Vaults:2)
  A wolf spider simulacrum (D:14)
  2 trolls (D:9)
  2 hornets
  A polar bear (Lair:2)
  A dream sheep (Lair:5)
  19 yaks
  A death yak simulacrum (D:13)
  A chaos spawn (D:13)
  Menkaure (D:7)
  4 wargs (D:9)
  A hydra simulacrum (D:13)
  5 orc warriors
  A black bear (D:7)
  2 gnoll sergeants
  14 wights
  6 killer bees
  3 gnolls (D:10)
  A hell rat simulacrum (D:13)
  4 orcs
  2 kobolds
  30 fulminant prisms
135 creatures vanquished.

Grand Total: 2247 creatures vanquished

Notes
Turn   | Place    | Note
-------+----------+-------------------------------------------
     0 | D:1      | Ge0ff the Felid Reaver began the quest for the Orb.
     0 | D:1      | Reached XP level 1. HP: 9/9 MP: 4/4
    99 | D:1      | Reached skill level 1 in Stealth
   151 | D:1      | Reached XP level 2. HP: 13/13 MP: 6/6
   933 | D:1      | Reached XP level 3. HP: 16/16 MP: 7/7
  1301 | D:2      | Reached skill level 4 in Unarmed Combat
  1992 | D:3      | Reached XP level 4. HP: 17/19 MP: 8/8
  2281 | D:3      | Noticed Natasha
  2284 | D:3      | Killed Natasha
  2581 | D:3      | Reached skill level 5 in Unarmed Combat
  2581 | D:3      | Reached XP level 5. HP: 16/22 MP: 9/9
  2585 | D:3      | Learned a level 3 spell: Call Canine Familiar
  2671 | D:3      | Found a snail-covered altar of Cheibriados.
  3015 | D:4      | Noticed Dowan
  3016 | D:4      | Noticed Duvessa
  3251 | D:5      | Entered Level 5 of the Dungeon
  3258 | D:5      | HP: 1/22 [sleepcap (9)]
  3262 | D:5      | Reached skill level 1 in Summonings
  3387 | D:5      | Noticed a phantom
  3409 | D:5      | Killed a phantom
  3528 | D:5      | Gained mutation: You are covered in thick fur. (AC +2)
                  | [Felid growth]
  3528 | D:5      | Reached XP level 6. HP: 12/26 MP: 10/10
  3712 | D:5      | Identified the +0 pair of gloves of the Poles {Rampage
                  | rElec Regen+}
  4085 | D:5      | Reached skill level 5 in Summonings
  4085 | D:5      | Reached XP level 7. HP: 15/30 MP: 8/11
  4275 | D:5      | Learned a level 3 spell: Summon Guardian Golem
  4863 | D:6      | Noticed Grinder
  5339 | D:6      | Paralysed by Grinder for 5 turns
  5354 | D:6      | Killed Grinder
  5766 | D:4      | Killed Duvessa
  5767 | D:4      | Reached skill level 1 in Hexes
  5767 | D:4      | Reached XP level 8. HP: 34/34 MP: 9/13
  5785 | D:4      | Killed Dowan
  6259 | D:6      | Found a glowing golden altar of the Shining One.
  7378 | D:6      | Found a glowing golden altar of the Shining One.
  7690 | D:7      | Reached skill level 1 in Evocations
  7705 | D:7      | Noticed a hornet
  7733 | D:7      | Mangled by a hornet
  7748 | D:7      | Found a staircase to the Ecumenical Temple.
  7757 | Temple   | Entered the Ecumenical Temple
  7770 | Temple   | Became a worshipper of Gozag Ym Sagoz the Greedy
  7849 | D:7      | Reached skill level 5 in Hexes
  8121 | D:7      | Killed a hornet
  8122 | D:7      | Reached XP level 9. HP: 39/39 MP: 13/16
  8246 | D:7      | Mangled by a yak
  8261 | D:7      | Found Xegat's Assorted Antiques.
  8268 | D:7      | Bought a scroll of identify for 56 gold pieces
  8299 | D:7      | Reached skill level 5 in Dodging
  8323 | D:7      | Noticed Menkaure
  8333 | D:7      | Killed Menkaure
  8351 | D:7      | Reached skill level 6 in Unarmed Combat
  9524 | D:7      | Learned a level 2 spell: Ensorcelled Hibernation
  9527 | D:7      | Learned a level 2 spell: Passwall
  9651 | D:8      | Found a flagged portal.
  9665 | Bailey   | Entered a bailey
  9820 | Bailey   | Reached skill level 1 in Transmutations
  9976 | Bailey   | Noticed an orc knight
 10008 | Bailey   | Killed an orc knight
 10009 | Bailey   | Reached skill level 5 in Fighting
 10009 | Bailey   | Reached skill level 1 in Earth Magic
 10009 | Bailey   | Reached XP level 10. HP: 24/44 MP: 3/17
 10196 | Bailey   | Found a large runed translucent door.
 10196 | Bailey   | Found a large runed translucent door.
 10197 | Bailey   | Noticed a deep elf pyromancer
 10401 | Bailey   | Learned a level 3 spell: Mephitic Cloud
 10450 | Bailey   | Killed a deep elf pyromancer
 10451 | Bailey   | Reached skill level 1 in Air Magic
 10451 | Bailey   | Reached skill level 1 in Poison Magic
 10622 | D:8      | Reached skill level 1 in Ice Magic
 10690 | D:8      | Found a white marble altar of Elyvilon.
 10791 | D:8      | Found a hazy altar of Hepliaklqana.
 10791 | D:8      | Found a shadowy altar of Dithmenos.
 10913 | D:8      | Found a basalt altar of Yredelemnul.
 11477 | D:8      | Found a shadowy altar of Dithmenos.
 11478 | D:8      | Found a hazy altar of Hepliaklqana.
 11481 | D:8      | Found a basalt altar of Yredelemnul.
 11734 | D:8      | Found a white marble altar of Elyvilon.
 13019 | D:9      | Found a radiant altar of Vehumet.
 13155 | D:9      | Learned a level 3 spell: Hailstorm
 13713 | D:9      | Reached XP level 11. HP: 34/47 MP: 9/19
 14051 | D:9      | Reached skill level 5 in Stealth
 14393 | D:9      | Noticed a two-headed ogre
 14404 | D:9      | Killed a two-headed ogre
 14405 | D:9      | Reached skill level 7 in Unarmed Combat
 14411 | D:9      | Noticed an orc sorcerer
 14418 | D:9      | Killed an orc sorcerer
 14756 | D:9      | Reached skill level 5 in Spellcasting
 16516 | D:10     | Entered Level 10 of the Dungeon
 16642 | D:10     | Noticed Maurice
 16658 | D:10     | Killed Maurice
 16791 | D:10     | Found a glowing silver altar of Zin.
 16808 | D:10     | Learned a level 4 spell: Fulminant Prism
 17248 | D:10     | Found Yplufecidgh's Book Boutique.
 17257 | D:10     | Bought a book of Alchemy for 364 gold pieces
 17647 | D:10     | Found a staircase to the Orcish Mines.
 17747 | D:10     | Gained mutation: Your thick and shaggy fur keeps you warm.
                  | (AC +3, rC+) [Felid growth]
 17747 | D:10     | Reached XP level 12. HP: 51/51 MP: 8/20
 17946 | D:10     | Found a staircase to the Lair.
 18159 | D:11     | Reached skill level 5 in Conjurations
 18300 | D:11     | Noticed a boulder beetle
 18805 | D:11     | Noticed a two-headed ogre
 18818 | D:11     | Killed a two-headed ogre
 19164 | D:11     | Noticed Grum
 19176 | D:11     | Killed Grum
 19327 | Lair:1   | Entered Level 1 of the Lair of Beasts
 19793 | Lair:1   | Reached skill level 10 in Hexes
 20050 | Lair:1   | You fall into a shaft and drop 1 floor!
 20050 | Lair:2   | Found a blossoming altar of Fedhas.
 20316 | Lair:1   | Reached skill level 5 in Ice Magic
 20379 | Lair:1   | Noticed a death yak
 20630 | Lair:1   | Noticed a death yak
 21022 | Lair:1   | Noticed a death yak
 21026 | Lair:1   | Noticed a death yak
 21028 | Lair:1   | Noticed a death yak
 21082 | Lair:1   | Killed a death yak
 21347 | Lair:2   | Noticed Maggie
 22722 | Lair:2   | Reached skill level 10 in Summonings
 23395 | Lair:2   | Found a staircase to the Shoals.
 23455 | Lair:3   | Noticed a five-headed hydra
 23683 | Lair:3   | Reached XP level 13. HP: 24/57 MP: 11/24
 23805 | Lair:3   | Learned a level 5 spell: Irradiate
 24345 | Lair:3   | Reached skill level 5 in Transmutations
 26461 | Lair:2   | Found a staircase to the Shoals.
 26479 | Lair:2   | Found a blossoming altar of Fedhas.
 27009 | Lair:2   | Killed Maggie
 27199 | Lair:2   | Found a staircase to the Shoals.
 27217 | Lair:2   | Found a blossoming altar of Fedhas.
 28412 | Lair:3   | Found a staircase to the Snake Pit.
 28790 | Lair:2   | You fall into a shaft and drop 1 floor!
 30161 | Lair:4   | Found a staircase to the Slime Pits.
 30161 | Lair:4   | Found a viscous altar of Jiyva.
 30813 | Lair:4   | Upgraded the game from 0.31-a0-1057-g70f3316b05 to
                  | 0.31-a0-1059-g83d41fd8b6
 32736 | Lair:4   | Found a viscous altar of Jiyva.
 32738 | Lair:4   | Found a staircase to the Slime Pits.
 33115 | Lair:5   | Entered Level 5 of the Lair of Beasts
 33187 | Lair:5   | Reached XP level 14. HP: 61/61 MP: 26/26
 33415 | Lair:5   | Reached skill level 10 in Dodging
 33885 | Lair:5   | Found a hazy altar of Hepliaklqana.
 34082 | Lair:5   | Gained mutation: You are weak. (Str -2) [mutagenic glow]
 34084 | Lair:5   | Lost mutation: You are weak. (Str -2) [potion of mutation]
 34084 | Lair:5   | Gained mutation: Your body sometimes deteriorates upon
                  | taking damage. [potion of mutation]
 34084 | Lair:5   | Gained mutation: Your body often deteriorates upon taking
                  | damage. [potion of mutation]
 34085 | Lair:5   | Lost mutation: Your body often deteriorates upon taking
                  | damage. [potion of mutation]
 34085 | Lair:5   | Lost mutation: Your body sometimes deteriorates upon taking
                  | damage. [potion of mutation]
 34085 | Lair:5   | Gained mutation: You occasionally lose the ability to read
                  | scrolls when taking damage. [potion of mutation]
 34085 | Lair:5   | Gained mutation: Your flesh is cold resistant. (rC+)
                  | [potion of mutation]
 34085 | Lair:5   | Gained mutation: Your mind is acute. (Int +4, Str/Dex -1)
                  | [potion of mutation]
 34086 | Lair:5   | Lost mutation: You occasionally lose the ability to read
                  | scrolls when taking damage. [potion of mutation]
 34086 | Lair:5   | Lost mutation: Your mind is acute. (Int +4, Str/Dex -1)
                  | [potion of mutation]
 34086 | Lair:5   | Gained mutation: You occasionally lose the ability to drink
                  | potions when taking damage. [potion of mutation]
 34086 | Lair:5   | Gained mutation: Your flesh is heat resistant. (rF+)
                  | [potion of mutation]
 35106 | Lair:5   | Reached skill level 10 in Transmutations
 35139 | Lair:5   | Reached skill level 8 in Unarmed Combat
 35291 | Lair:5   | Got the Compilation of Shivering Darkness
 35910 | Lair:5   | Learned a level 2 spell: Poisonous Vapours
 36032 | Lair:3   | Found a staircase to the Snake Pit.
 36736 | Lair:3   | Reached skill level 1 in Shapeshifting
 37455 | D:11     | Learned a level 2 spell: Blink
 37580 | D:12     | Found Xoiruez's Weapon Shop.
 38646 | D:13     | Reached skill level 5 in Shapeshifting
 39184 | D:13     | Found a runed translucent door.
 39565 | D:13     | Noticed a tentacled monstrosity
 39572 | D:13     | Noticed a white very ugly thing
 39625 | D:13     | Killed a tentacled monstrosity
 39797 | D:13     | Killed a brown very ugly thing
 41274 | D:14     | Noticed Azrael
 41282 | D:13     | Reached XP level 15. HP: 5/64 MP: 13/28
 41485 | D:14     | Killed Azrael
 41504 | D:14     | Found a gate leading to a gauntlet.
 41509 | Gauntlet | Entered a Gauntlet
 41509 | Gauntlet | Found a transporter.
 41509 | Gauntlet | Found a runed translucent door.
 41509 | Gauntlet | Found a transporter.
 41675 | Gauntlet | Found a transporter.
 41678 | Gauntlet | Found a transporter.
 41687 | Gauntlet | Found a transporter.
 41690 | Gauntlet | Found a transporter.
 41701 | Gauntlet | Found a transporter.
 41715 | Gauntlet | Found a transporter.
 41730 | Gauntlet | Found a transporter.
 41734 | Gauntlet | Found a transporter.
 41742 | Gauntlet | Found a transporter.
 41746 | Gauntlet | Found a transporter.
 41750 | Gauntlet | Found a runed translucent door.
 42249 | Gauntlet | Identified the +0 pair of boots "Pewnycze" {Str+3}
 42287 | Gauntlet | Identified the ring of Alesm {Fire rElec}
 42774 | Orc:1    | Entered Level 1 of the Orcish Mines
 42774 | Orc:1    | Found Geckoozu's General Store.
 43209 | Orc:2    | Entered Level 2 of the Orcish Mines
 43209 | Orc:2    | Found a staircase to the Elven Halls.
 43402 | Orc:1    | Reached skill level 10 in Shapeshifting
 44094 | Orc:2    | Found Evysyi's Armour Boutique.
 44094 | Orc:2    | Found Zuodes's Armour Shoppe.
 44094 | Orc:2    | Found Bikkiz's Distillery.
 44094 | Orc:2    | Found Oteum's Antique Armour Shop.
 44607 | Orc:2    | Bought a potion of degeneration for 12 gold pieces
 44727 | Orc:2    | Found a runed translucent door.
 44743 | Orc:2    | Noticed Prykner's ghost (journeyman GrEE)
 44959 | Orc:2    | Killed Prykner's ghost
 45709 | Orc:2    | Identified the ring "Fietsiupp" {Fire rCorr Int+3}
 45899 | D:10     | Bought a book of Cantrips for 156 gold pieces
 45901 | D:10     | Learned a level 1 spell: Apportation
 47306 | D:14     | Noticed a fenstrider witch
 47310 | D:14     | a fenstrider witch changed into a stone giant
 47436 | D:14     | Noticed Jorgrun
 47579 | D:14     | Killed Jorgrun
 48154 | D:14     | Found a portal to a secret trove of treasure.
 48310 | D:14     | Found a gate to the Vaults.
 48591 | D:15     | Entered Level 15 of the Dungeon
 48745 | D:15     | Reached XP level 16. HP: 69/69 MP: 23/29
 48984 | D:15     | Reached skill level 15 in Shapeshifting
 49588 | D:15     | Found a staircase to the Depths.
 50447 | D:15     | Noticed Nessos
 50450 | D:15     | Nessos changed into Nessos the black mamba
 50450 | D:15     | Noticed Nessos
 50453 | D:15     | Killed Nessos the black mamba
 50706 | D:15     | Found a staircase to the Depths.
 50931 | Snake:1  | Entered Level 1 of the Snake Pit
 51268 | Snake:1  | Found Zoihomiv's Magic Scroll Emporium.
 51276 | Snake:1  | Bought a scroll of acquirement for 832 gold pieces
 51276 | Snake:1  | Bought a scroll of blinking for 120 gold pieces
 51276 | Snake:1  | Bought a scroll of blinking for 120 gold pieces
 51276 | Snake:1  | Bought a scroll of summoning for 152 gold pieces
 51276 | Snake:1  | Bought a scroll of summoning for 152 gold pieces
 51276 | Snake:1  | Bought a scroll of torment for 152 gold pieces
 51276 | Snake:1  | Acquired 1197 gold pieces
 52581 | Snake:2  | Reached skill level 9 in Unarmed Combat
 53004 | Snake:1  | Bought a scroll of amnesia for 64 gold pieces
 53010 | Snake:1  | Learned a level 4 spell: Vhi's Electric Charge
 53405 | Snake:3  | Noticed Nikola
 53466 | Snake:3  | Found Jodais's Antique Armour Emporium.
 53478 | Snake:3  | Reached skill level 1 in Translocations
 53760 | Snake:3  | Reached skill level 10 in Unarmed Combat
 53899 | Snake:3  | Noticed Vashnia
 54069 | Snake:3  | Reached skill level 5 in Air Magic
 54651 | Snake:4  | Entered Level 4 of the Snake Pit
 54678 | Snake:3  | Killed Vashnia
 54679 | Snake:3  | Reached XP level 17. HP: 74/74 MP: 22/30
 54746 | Snake:3  | Found Jodais's Antique Armour Emporium.
 56167 | Snake:4  | Reached skill level 11 in Unarmed Combat
 56407 | Snake:4  | Reached skill level 5 in Translocations
 57091 | Snake:4  | Got a serpentine rune of Zot
 57404 | D:7      | Bought a lightning rod (4/4) for 1120 gold pieces
 57404 | D:7      | Bought a wand of mindburst (10) for 392 gold pieces
 57404 | D:7      | Bought a scroll of teleportation for 84 gold pieces
 57560 | Shoals:1 | Entered Level 1 of the Shoals
 57963 | Shoals:1 | Reached skill level 15 in Dodging
 58001 | Shoals:1 | Reached skill level 12 in Unarmed Combat
 58044 | Shoals:1 | Reached skill level 10 in Stealth
 58648 | Shoals:2 | Reached XP level 18. HP: 80/80 MP: 26/31
 58908 | Shoals:2 | You fall into a shaft and drop 1 floor!
 59276 | Shoals:3 | Noticed Ilsuiw
 59360 | Shoals:3 | Killed Ilsuiw
 59421 | Shoals:3 | Reached skill level 10 in Fighting
 59537 | Shoals:3 | Gained mutation: You occasionally lose the ability to read
                  | scrolls when taking damage. [mutagenic glow]
 59569 | Shoals:3 | Found Kuabot's Magic Scroll Shop.
 59868 | Shoals:3 | Bought a scroll of revelation for 135 gold pieces
 59868 | Shoals:3 | Bought a scroll of poison for 72 gold pieces
 59970 | Shoals:4 | Entered Level 4 of the Shoals
 60207 | Shoals:4 | Reached skill level 13 in Unarmed Combat
 60250 | Shoals:4 | Found Fyqiera's Jewellery Emporium.
 60258 | Shoals:4 | Bought the ring "Liag" {rF+ rN+ Str+6 Dex+6} for 1469 gold
                  | pieces
 60651 | Shoals:4 | Found Xyutt's Weapon Boutique.
 60878 | Shoals:4 | Got a barnacled rune of Zot
 61256 | Elf:1    | Entered Level 1 of the Elven Halls
 61464 | Elf:1    | Found Gyqesiso's Book Shop.
 61566 | Elf:1    | Learned a level 5 spell: Yara's Violent Unravelling
 61873 | Elf:1    | Paralysed by an air elemental for 1 turns
 64151 | Elf:2    | Found a large runed translucent door.
 64151 | Elf:2    | Found a large runed translucent door.
 64239 | Elf:2    | Reached XP level 19. HP: 85/85 MP: 27/33
 64249 | Elf:2    | Reached skill level 5 in Poison Magic
 64285 | Elf:2    | Noticed Paaligas's ghost (journeyman GrCA)
 64298 | Elf:2    | Reached skill level 10 in Translocations
 64542 | Elf:2    | Found an ancient bone altar of Kikubaaqudgha.
 64645 | Elf:2    | Reached skill level 14 in Unarmed Combat
 64645 | Elf:2    | Reached skill level 10 in Spellcasting
 64957 | Elf:2    | Found a runed translucent gate.
 64958 | Elf:2    | Found a runed translucent gate.
 64958 | Elf:2    | Found a runed translucent gate.
 65062 | Elf:2    | Killed Paaligas's ghost
 65690 | Elf:2    | Paralysed by an air elemental for 1 turns
 65782 | Elf:3    | Entered Level 3 of the Elven Halls
 66726 | Elf:3    | Identified the +8 dagger of Ushogu {drain, rPois rF- Str+4}
 67157 | Elf:3    | Identified the amulet "Liecwin" {RegenMP rElec rPois Dex+7
                  | Slay-2}
 67161 | Elf:3    | Identified the +10 battleaxe of the Onslaught {distort,
                  | Will+ Str+3}
 67161 | Elf:3    | Identified the +0 war axe of the Iron City of Dis {venom,
                  | rElec rC- Dex+3}
 67239 | Elf:3    | Identified the +3 leather armour of the Hecatoncheires
                  | {-Cast rN+ Slay+3}
 67290 | Elf:3    | Found the ring of the Octopus King {rCorr HP+2 AC+2 EV+2
                  | SH+2}
 67304 | Elf:3    | Reached skill level 15 in Unarmed Combat
 67510 | Elf:3    | Identified the +0 war axe "Ebemes" {venom, rN+}
 67510 | Elf:3    | Identified the ring of Kibiaj {rPois rF- rCorr Dex+3}
 68271 | Elf:3    | Found the +8 storm bow {elec, penet}
 68334 | Elf:3    | Got the Writings on Permutations and Grit
 68349 | Elf:3    | Got Hitul's Vademecum on Spelunking
 68352 | Elf:3    | Identified the +1 robe "Obaruo Ijie" {rCorr MP+9 Str-2
                  | Dex+4}
 68604 | Elf:1    | Learned a level 5 spell: Silence
 68869 | Snake:3  | Killed Nikola
 69102 | Vaults:1 | Entered Level 1 of the Vaults
 69264 | Vaults:1 | Reached XP level 20. HP: 76/91 MP: 21/35
 69704 | Vaults:1 | Identified the serpent talisman of Intercession {*Slow
                  | rPois rC++ MP+9}
 69704 | Vaults:1 | Noticed Aizul
 69805 | Vaults:1 | Killed Aizul
 69986 | Vaults:1 | Noticed Asterion
 69996 | Vaults:1 | Killed Asterion
 70410 | Vaults:1 | Identified the ring "Dita Ily" {rPois rC++}
 70422 | Vaults:1 | Identified the ring of Vientout {Fly rPois Will+ SInv}
 71171 | Vaults:2 | Noticed Jory
 71183 | Vaults:2 | Killed Jory
 71319 | Vaults:2 | Reached skill level 16 in Unarmed Combat
 71902 | Vaults:2 | Reached skill level 15 in Stealth
 72041 | Vaults:2 | Noticed Frederick
 72048 | Vaults:2 | Killed Frederick
 72089 | Vaults:2 | Reached XP level 21. HP: 96/96 MP: 31/37
 72532 | Vaults:2 | Found a staircase to the Crypt.
 72899 | Vaults:3 | Reached skill level 17 in Unarmed Combat
 73921 | Vaults:3 | Identified the +9 spear "Qihis" {heavy, Will+ Int+3}
 74243 | Vaults:4 | Reached skill level 15 in Translocations
 74402 | Vaults:4 | Noticed Xtahua
 74412 | Vaults:4 | Killed Xtahua
 74702 | Vaults:4 | Reached skill level 18 in Unarmed Combat
 75815 | Depths:1 | Entered Level 1 of the Depths
 75928 | Depths:1 | Reached XP level 22. HP: 103/103 MP: 28/38
 75935 | Depths:1 | Noticed a juggernaut
 75940 | Depths:1 | Gained mutation: You sometimes lose your temper in combat.
                  | [mutagenic glow]
 75953 | Depths:1 | Lost mutation: Your flesh is heat resistant. (rF+) [potion
                  | of mutation]
 75953 | Depths:1 | Lost mutation: You sometimes lose your temper in combat.
                  | [potion of mutation]
 75953 | Depths:1 | Lost mutation: You occasionally lose the ability to drink
                  | potions when taking damage. [potion of mutation]
 75953 | Depths:1 | Gained mutation: You are clumsy. (Dex -2) [potion of
                  | mutation]
 76178 | Depths:1 | Killed a juggernaut
 76179 | Depths:1 | Reached skill level 5 in Evocations
 76257 | Depths:1 | Reached skill level 5 in Earth Magic
 76258 | Depths:1 | Noticed an ancient lich
 76275 | Depths:1 | Killed an ancient lich
 76353 | Depths:1 | Identified the ring of Uttoofanine {rElec Dex+6}
 76518 | Depths:1 | Found a one-way gate leading to the halls of Pandemonium.
 76585 | Depths:1 | Found a gateway to Hell.
 77347 | Depths:1 | Found a gateway to Hell.
 77427 | Depths:1 | Found a one-way gate leading to the halls of Pandemonium.
 77825 | Depths:1 | Reached skill level 19 in Unarmed Combat
 78476 | Depths:2 | Noticed a golden dragon
 78534 | Depths:2 | Killed a golden dragon
 78696 | Depths:2 | Noticed a golden dragon
 78712 | Depths:2 | Killed a golden dragon
 78720 | Depths:2 | Reached skill level 10 in Conjurations
 78803 | Depths:2 | Noticed a golden dragon
 78831 | Depths:2 | Identified the +1 falchion of Xivir {venom, Will+}
 78833 | Depths:2 | Noticed a juggernaut
 78835 | Depths:2 | Noticed the Enchantress
 78840 | Depths:2 | Killed a golden dragon
 78844 | Depths:2 | Gained mutation: You are vulnerable to heat. (rF-)
                  | [mutagenic glow]
 78845 | Depths:2 | Lost mutation: You are vulnerable to heat. (rF-) [potion of
                  | mutation]
 78845 | Depths:2 | Lost mutation: You occasionally lose the ability to read
                  | scrolls when taking damage. [potion of mutation]
 78845 | Depths:2 | Gained mutation: You are very clumsy. (Dex -4) [potion of
                  | mutation]
 78845 | Depths:2 | Gained mutation: You expend magic power (3 MP) to
                  | strengthen your wands. [potion of mutation]
 78846 | Depths:2 | Lost mutation: Your flesh is cold resistant. (rC+) [potion
                  | of mutation]
 78846 | Depths:2 | Lost mutation: You expend magic power (3 MP) to strengthen
                  | your wands. [potion of mutation]
 78846 | Depths:2 | Lost mutation: You are very clumsy. (Dex -4) [potion of
                  | mutation]
 78846 | Depths:2 | Gained mutation: You possess an exceptional clarity of
                  | mind. [potion of mutation]
 78846 | Depths:2 | Gained mutation: You have a pair of small antennae on your
                  | head. [potion of mutation]
 78846 | Depths:2 | Lost mutation: You are clumsy. (Dex -2) [potion of
                  | mutation]
 79034 | Depths:2 | Identified the ring "Bosevous" {rElec rC+++ Str-2 Int-3
                  | Dex+6}
 79186 | Depths:2 | Killed a juggernaut
 79252 | Depths:2 | Killed the Enchantress
 79253 | Depths:2 | Reached XP level 23. HP: 108/108 MP: 39/39
 79254 | Depths:2 | Noticed a caustic shrike
 79529 | Depths:2 | Killed a caustic shrike
 79839 | Depths:3 | Reached skill level 15 in Fighting
 79993 | Depths:3 | Found Big Baal Hell's Store.
 80047 | Depths:3 | Bought a potion of experience for 3300 gold pieces
 80195 | Depths:3 | Found a one-way gate to the infinite horrors of the Abyss.
 80303 | Depths:3 | Reached skill level 20 in Unarmed Combat
 80630 | Depths:4 | Entered Level 4 of the Depths
 81012 | Depths:4 | Found a one-way gateway to a ziggurat.
 81090 | Depths:4 | Found an ancient bone altar of Kikubaaqudgha.
 81559 | Depths:4 | Found a gate to the Realm of Zot.
 81909 | Vaults:4 | You fall into a shaft and drop 1 floor!
 81909 | Vaults:5 | Entered Level 5 of the Vaults
 81909 | Vaults:5 | Noticed an ancient lich
 81916 | Vaults:5 | Killed an ancient lich
 81934 | Vaults:5 | Reached skill level 21 in Unarmed Combat
 81938 | Vaults:5 | Identified the ring of Wecveopp {Fire Fly}
 81948 | Vaults:5 | Reached skill level 10 in Evocations
 81965 | Vaults:5 | Identified the +3 whip of Xuhag {flame, rN+ Str+3 Dex-3}
 82042 | Vaults:5 | Got the Omnibus of Bedrock
 82159 | Vaults:5 | Identified the +1 mace "Ymoa" {pain, rPois rF+ Int-5 Dex+3}
 82177 | Vaults:5 | Reached XP level 24. HP: 112/112 MP: 38/39
 82356 | Vaults:5 | Noticed an ancient lich
 82360 | Vaults:5 | Killed an ancient lich
 82491 | Vaults:5 | Reached skill level 22 in Unarmed Combat
 82545 | Vaults:5 | Identified the amulet of Jaocacku {rC+ Regen+}
 82698 | Vaults:5 | Identified the amulet "Gotz" {Drain rPois Regen+ Str+5
                  | Int+3}
 82860 | Vaults:5 | Identified the +2 ring mail of Shrieking Mirth {Harm rElec
                  | Will- rCorr}
 83200 | Vaults:5 | Got a silver rune of Zot
 83321 | Vaults:5 | Identified the +0 cloak of Omission {rC++ Int-5 Slay+5}
 83598 | Vaults:5 | Noticed an ancient lich
 83628 | Vaults:5 | Killed an ancient lich
 83672 | Vaults:5 | Identified the +1 ring mail "Gahim" {rElec Int-4 SInv}
 83690 | Vaults:5 | Acquired 750 gold pieces
 83963 | Orc:2    | Bought a potion of curing for 36 gold pieces
 83963 | Orc:2    | Bought a potion of curing for 36 gold pieces
 83963 | Orc:2    | Bought a potion of invisibility for 96 gold pieces
 83963 | Orc:2    | Bought a potion of brilliance for 48 gold pieces
 83963 | Orc:2    | Bought a potion of mutation for 96 gold pieces
 83963 | Orc:2    | Bought a potion of magic for 96 gold pieces
 83994 | Orc:1    | Bought a scroll of vulnerability for 60 gold pieces
 83994 | Orc:1    | Bought a potion of haste for 150 gold pieces
 84118 | D:14     | You paid a toll of 14 potions of curing to enter a treasure
                  | trove
 84119 | Trove    | Entered a treasure trove
 84317 | Zot:1    | Entered Level 1 of the Realm of Zot
 84601 | Zot:2    | Reached skill level 23 in Unarmed Combat
 85003 | Zot:2    | Noticed Vv
 85029 | Zot:2    | Killed Vv
 85662 | Zot:2    | Reached XP level 25. HP: 116/116 MP: 30/39
 86126 | Zot:3    | You fall into a shaft and drop 1 floor!
 86233 | Zot:5    | Entered Level 5 of the Realm of Zot
 87219 | Zot:4    | Reached skill level 24 in Unarmed Combat
 87266 | Zot:4    | Got the Omnibus of the Curse and the Crevasse
 88460 | Zot:5    | Noticed a Killer Klown
 88463 | Zot:5    | Killed a Killer Klown
 88560 | Zot:5    | Gained mutation: Your body sometimes deteriorates upon
                  | taking damage. [mutagenic glow]
 89073 | Zot:1    | Reached skill level 25 in Unarmed Combat
 90004 | Zot:5    | Reached skill level 26 in Unarmed Combat
 90041 | Zot:5    | Noticed an orb of fire
 90051 | Zot:5    | Killed an orb of fire
 90077 | Zot:5    | Noticed an orb of fire
 90077 | Zot:5    | Noticed an ancient lich
 90077 | Zot:5    | Gained mutation: Your magical capacity is low. (-10% MP)
                  | [an orb of fire]
 90086 | Zot:5    | Killed an ancient lich
 90090 | Zot:5    | Noticed a Killer Klown
 90095 | Zot:5    | Killed a Killer Klown
 90101 | Zot:5    | Noticed an ancient lich
 90105 | Zot:5    | Killed an ancient lich
 90105 | Zot:5    | Noticed an ancient lich
 90106 | Zot:5    | Reached XP level 26. HP: 120/120 MP: 23/35
 90108 | Zot:5    | Killed an ancient lich
 90230 | Zot:5    | Reached skill level 27 in Unarmed Combat
 90261 | Zot:5    | Noticed a dread lich
 90264 | Zot:5    | Noticed a dread lich
 90265 | Zot:5    | Noticed an orb of fire
 90279 | Zot:5    | Killed an orb of fire
 90280 | Zot:5    | Noticed an ancient lich
 90284 | Zot:5    | Killed a dread lich
 90293 | Zot:5    | Killed an ancient lich
 90302 | Zot:5    | Killed a dread lich
 90308 | Zot:5    | Noticed a dread lich
 90316 | Zot:5    | Killed a dread lich
 90344 | Zot:5    | Noticed an ancient lich
 90493 | Zot:5    | Noticed an ancient lich
 90500 | Zot:5    | Killed an ancient lich
 90580 | Zot:5    | Killed an ancient lich
 91049 | Zot:5    | Got the Orb of Zot
 91318 | Depths:1 | Noticed Dokhlov the pandemonium lord
 91318 | Depths:1 | Noticed Meem the pandemonium lord
 91519 | D:7      | Noticed Cealliev the pandemonium lord
 91670 | D:$      | Escaped with the Orb!

Illustrated notes

Levels and vault maps discovered:
D:1:      dreamdust_arrival_beginning_and_end, layout_basic
D:2:      layout_loops_ring, serial_aquarium, aquarium_bridge_long_separate
          [aquarium_subvault_wall, aquarium_subvault_wall,
          aquarium_subvault_bridge, aquarium_subvault_wall,
          aquarium_subvault_bridge, aquarium_subvault_wall],
          aquarium_window_corner, aquarium_window_2, aquarium_view_2d
D:3:      layout_loops_ring, lemuel_coloured_pillars_altar,
          minmay_goblin_outpost, uniq_natasha
D:4:      layout_gridville, uniq_duvessa
D:5:      layout_gridville
D:6:      layout_loops_cross, nicolae_tso_swordbearing_angel, uniq_grinder
D:7:      layout_gridville, minmay_temple_entry_overgrown, serial_shops,
          shop_coins, uniq_menkaure
D:8:      layout_cave_pods, nicolae_overflow_crystal_walls,
          grunt_temple_overflow_open, enter_bailey_4
D:9:      lemuel_castle_with_subvaults [lemuel_castle_interior_carwin_1],
          layout_irregular_city, mainiacjoe_overflow_alcove_4
D:10:     layout_cave_pools, mainiacjoe_overflow_24_doors,
          grunt_lair_entry_orc_guard_hut, serial_shops, nicolae_diamond_shop,
          serial_rivers, chequers_serial_rivers_micro_d,
          chequers_serial_rivers_room_a, chequers_serial_rivers_micro_d,
          chequers_serial_rivers_marsh, chequers_serial_rivers_micro_d,
          uniq_maurice
D:11:     layout_roguey, uniq_grum
D:12:     layout_loops_ring, serial_shops, nicolae_shop_bloodbath_and_beyond,
          serial_aquarium, aquarium_bridge_square [aquarium_subvault_wall,
          aquarium_subvault_bridge, aquarium_subvault_bridge,
          aquarium_subvault_bridge], aquarium_window_fake, aquarium_window_1,
          aquarium_window_fake, aquarium_view_2d, aquarium_view_2b,
          aquarium_balcony_5b, aquarium_pool_2
D:13:     cheibrodos_body_horror, layout_basic, hangedman_stone_soup,
          eino_house_with_fridge
D:14:     layout_rooms, ximxim_vaults_locker_room, gauntlet_entry_generic,
          nicolae_trove_entry_columns, uniq_azrael, uniq_jorgrun
D:15:     gammafunk_depths_entry_grave, layout_irregular_city,
          minmay_misc_feat_rugged, uniq_nessos
Temple:   nicolae_temple_bog_church
Lair:1:   layout_cave_pods
Lair:2:   layout_gridlike, elwin_shoals_entry_rooms, basic_altar,
          grunt_forest_large_clearings, infiniplex_staircase_pool,
          serial_bayou_shore_b, grunt_megastairs_2, uniq_maggie
Lair:3:   layout_long_grid, dummy_snake_entry, pdpol_lair_cavern_descent
Lair:4:   layout_cellular_growth, slime_entry_1, grunt_megastairs_1,
          lemuel_fruit_fields
Lair:5:   minmay_lair_end_enchanted_forest, layout_gridlike, basic_altar
Shoals:1: layout_shoals
Shoals:2: layout_shoals
Shoals:3: layout_shoals, serial_shops, shop, nicolae_shoals_sun_and_surf,
          uniq_ilsuiw
Shoals:4: shoals_end_simple, layout_shoals, serial_shops,
          nicolae_shop_real_fake_doors, shop
Snake:1:  layout_layer_cave, hangedman_snake_thin_pillar_pass,
          serial_bayou_shore_a, minmay_shop_star
Snake:2:  layout_misc_corridors, grunt_ministairs_7
Snake:3:  layout_concentric_octagons, serial_shops, nicolae_shop_trees,
          serial_bayou_ford_a, nicolae_snake_squiggles, uniq_nikola,
          uniq_vashnia
Snake:4:  grunt_snake_rune_spirals, layout_onion
Orc:1:    nicolae_orc_accident_1, layout_caves, serial_shops, shop
Orc:2:    st_orc_ogre_mass, layout_caves, ebering_ghost_reflecting_pool,
          roderic_batcave
Elf:1:    layout_loops_corners, serial_shops, nicolae_shop_gibbet_a_chance,
          minivault_28, minivault_16, ebering_dispersal_statue_hall,
          corner_web_ring
Elf:2:    nicolae_elf_blades_crystal_corner, layout_onion_city,
          ebering_ghost_disaster_area, basic_altar, minivault_25
Elf:3:    minmay_elf_hall_x, layout_geoelf_castle, drop_trap, minivault_5,
          onia_ninara_cookie
Vaults:1: nicolae_vaults_offset_grid_hallway_2,
          vaults_standard_mumra_enter_the_diamond,
          nicolae_vaults_shrinking_rooms_1, hangedman_vaults_stretched_pinwheel,
          nicolae_vaults_twisting_passages, nicolae_vaults_big_angled_halls,
          nicolae_vaults_storing_the_good_stuff, grunt_vaults_twisty, v_misc_12,
          hangedman_vaults_maws, v_misc_22, nicolae_vaults_cochlea, v_misc_15,
          nicolae_vaults_house_2, layout_vaults_omnibox, uniq_aizul,
          uniq_asterion
Vaults:2: v_misc_23, vaults_room_corners, minmay_crypt_entry_simple_corners,
          v_misc_30, v_misc_32, nicolae_vaults_theta, vaults_mumra_minichess,
          nicolae_vaults_six-pack, nicolae_vaults_house_2,
          nicolae_vaults_trapezoid_lopsided_3, layout_vaults_quadrants,
          uniq_frederick, uniq_jory
Vaults:3: nicolae_vaults_trapezoid_2, vaults_room_grunt_arrival_ludios,
          vaults_mumra_lcd, vaults_dpeg_cross, nicolae_vaults_specimen_jars,
          hangedman_vaults_unwind, nicolae_vaults_wrenched,
          nicolae_vaults_heist, nicolae_vaults_stepped_doors,
          serial_library_hellmonk_reading_circle,
          nicolae_vaults_sesquioval_fish, v_misc_14, nicolae_vaults_two_Ls,
          vaults_dpeg_hooks, layout_vaults_big_room
Vaults:4: nicolae_vaults_stand_back, vaults_room_corners, v_misc_12,
          nicolae_vaults_network_star, nicolae_vaults_ellipses_ellipsis,
          nicolae_vaults_weapon_check, vaults_dpeg_spiral, ontoclasm_vaults_eye,
          nicolae_vaults_trapezoid_1, layout_vaults_omnicross, uniq_xtahua
Vaults:5: serial_shops
Depths:1: layout_gridville, grunt_mini_vestibule, grunt_pan_entry_sceptre,
          nicolae_titane, minmay_the_grid_2x2 [minmay_the_grid_dragon_a,
          minmay_the_grid_gridbox, minmay_the_grid_tri_star,
          minmay_the_grid_prize_big_room]
Depths:2: gammafunk_depths_water_palace, layout_basic, hell_entry, pan_entry,
          nicolae_two_hexagons
Depths:3: kennysheep_cluttered_fort, layout_gridville,
          serial_sigils_hangedman_quiver, nicolae_hell_entry_big_baal_hell,
          abyss_entry
Depths:4: grunt_zot_entry_gee_three, layout_basic, enter_ziggurat_e,
          grunt_decor_arrowhead, pf_vacation_house_of_asmodeus,
          kennysheep_vampire_church
Zot:1:    layout_gridlike, zot_minivault_1
Zot:2:    layout_basic, grunt_ministairs_14, uniq_vv
Zot:3:    layout_twisted_circle, regret_index_zotdec_obsidian_hm,
          regret_index_zotdec_wing_it
Zot:4:    layout_concentric_octagons, regret_index_zotdec_dark_gr,
          hangedman_swamp_dais
Zot:5:    layout_misc_corridors

Skill      XL: |  1  2  3  4  5  6  7  8  9 10 11 12 13 14 15 16 17 18 19 20 21 22 23 24 25 26 |
---------------+-------------------------------------------------------------------------------+-----
Stealth        | 1 2 3 4 6 7 10 12 13 15 16 | 16.6
Unarmed Combat | 4 5 6 7 8 10 12 13 15 16 18 19 21 23 26 27 | 27.0
Dodging        | 3 4 6 8 9 10 12 15 17 19 20 | 20.9
Summonings     | 3 5 6 7 8 9 10 | 10.0
Fighting       | 3 5 7 8 9 10 11 12 14 15 | 15.0
Spellcasting   | 3 4 5 7 8 9 10 11 | 11.0
Hexes          | 1 5 7 8 9 10 12 | 12.0
Evocations     | 2 4 7 10 12 14 | 14.3
Transmutations | 1 3 8 10 11 12 | 12.0
Earth Magic    | 1 2 3 4 5 |  5.9
Conjurations   | 3 4 5 8 9 10 | 10.0
Air Magic      | 2 3 4 5 7 |  7.0
Poison Magic   | 2 3 4 5 |  5.0
Ice Magic      | 2 3 5 |  5.0
Shapeshifting  | 8 14 16 17 19 20 | 20.3
Translocations | 3 7 9 11 13 15 | 15.0

Action                     |  1- 3 |  4- 6 |  7- 9 | 10-12 | 13-15 | 16-18 | 19-21 | 22-24 | 25-27 || total
---------------------------+-------+-------+-------+-------+-------+-------+-------+-------+-------++-------
  Melee: Unarmed           |   110 |   134 |   134 |   373 |   509 |   900 |  1024 |  1140 |   514 ||  4838
         Bite              |    12 |    12 |    10 |    47 |    74 |   131 |   155 |   239 |    92 ||   772
         Punch             |     1 |     4 |     9 |    15 |    23 |    66 |   135 |   219 |   122 ||   594
   Cast: Call Canine Famil |       |     3 |    49 |    87 |    78 |     5 |       |       |       ||   222
         Summon Guardian G |       |       |    22 |    44 |    41 |     5 |       |       |       ||   112
         Ensorcelled Hiber |       |       |     2 |   125 |   132 |     4 |     3 |       |       ||   266
         Hailstorm         |       |       |       |     7 |     1 |       |       |       |       ||     8
         Mephitic Cloud    |       |       |       |    37 |    41 |     3 |     2 |       |       ||    83
         Passwall          |       |       |       |     4 |     2 |    11 |     1 |     4 |     1 ||    23
         Irradiate         |       |       |       |       |   153 |   128 |   103 |    81 |    42 ||   507
         Fulminant Prism   |       |       |       |       |    30 |       |       |       |       ||    30
         Poisonous Vapours |       |       |       |       |    19 |     6 |       |       |       ||    25
         Blink             |       |       |       |       |     2 |       |       |     2 |       ||     4
         Vhi's Electric Ch |       |       |       |       |       |    61 |    89 |    56 |    35 ||   241
         Apportation       |       |       |       |       |       |     5 |       |       |     8 ||    13
         Yara's Violent Un |       |       |       |       |       |       |    26 |    37 |     3 ||    66
         Silence           |       |       |       |       |       |       |     2 |     2 |     2 ||     6
 Invoke: Potion Petition   |       |       |       |       |     5 |     7 |     2 |     6 |     4 ||    24
  Evoke: Wand              |       |       |    13 |    21 |    29 |    18 |     1 |     2 |     2 ||    86
         Phial of floods   |       |       |       |       |     2 |     1 |       |       |       ||     3
         Sack of spiders   |       |       |       |       |     1 |     1 |     2 |     1 |       ||     5
         Lightning rod     |       |       |       |       |       |     4 |    16 |    18 |       ||    38
         Phantom mirror    |       |       |       |       |       |       |     2 |       |       ||     2
         Tin of tremorston |       |       |       |       |       |       |       |     2 |       ||     2
    Use: Scroll            |     3 |     2 |    12 |    10 |    16 |     7 |     6 |     7 |     8 ||    71
         Potion            |       |     1 |     3 |     1 |    11 |     3 |     1 |     5 |     3 ||    28
   Stab: Sleeping          |     9 |    10 |     5 |    76 |    85 |    24 |    36 |    23 |     7 ||   275
         Distracted        |       |     2 |     1 |     4 |     7 |    11 |    13 |    16 |    11 ||    65
         Confused          |       |       |       |    25 |    18 |     1 |     1 |       |       ||    45
         Petrified         |       |       |       |       |     2 |       |       |       |       ||     2
         Invisible         |       |       |       |       |     1 |     3 |       |     6 |     2 ||    12
         Held in net/web   |       |       |       |       |       |       |       |     2 |       ||     2
 Armour: Skin              |    24 |    42 |    93 |   126 |   348 |   577 |   425 |   552 |   191 ||  2378
  Dodge: Dodged            |    73 |    75 |   136 |   394 |   735 |  1603 |  2038 |  2364 |   952 ||  8370
  Block: Other             |       |       |    16 |       |       |       |    76 |    38 |       ||   130
         Reflection        |       |       |     1 |       |       |       |       |       |       ||     1
   Form: Statue            |       |       |       |       |     2 |     1 |       |       |       ||     3
                           |       |       |       |       |     2 |       |       |       |       ||     2

Table legend: (Time is in decaauts)
 A = Elapsed time spent in this place.
 B = Non-inter-level travel time spent in this place.
 C = Inter-level travel time spent in this place.
 D = Time resting spent in this place.
 E = Time spent auto-exploring this place.
 F = Levels seen in this place.
 G = Mean time per level.
                   A        B        C        D        E       F      G
               +--------+--------+--------+--------+--------+-----+--------+
         Total | 106071 |  96837 |   9234 |   8732 |  64210 |  51 | 2079.8 |
       Dungeon |  27809 |  24776 |   3033 |   2986 |  15998 |  15 | 1853.9 |
        Temple |     22 |      3 |     19 |      0 |      0 |   1 |   22.0 |
          Lair |  16265 |  15039 |   1226 |   2622 |   8947 |   5 | 3253.0 |
        Shoals |   7915 |   7312 |    603 |    289 |   5376 |   4 | 1978.8 |
     Snake Pit |   9696 |   8850 |    846 |    811 |   5723 |   4 | 2424.0 |
  Orcish Mines |   2986 |   2699 |    287 |    265 |   1811 |   2 | 1493.0 |
   Elven Halls |   8232 |   7636 |    596 |    327 |   5855 |   3 | 2744.0 |
        Vaults |  12503 |  11337 |   1166 |    206 |   7729 |   5 | 2500.6 |
        Depths |   8951 |   8504 |    447 |    588 |   5675 |   4 | 2237.8 |
           Zot |   9921 |   8913 |   1008 |    456 |   6004 |   5 | 1984.2 |
         Trove |     86 |     86 |      0 |      0 |      0 |   1 |   86.0 |
        Bailey |    762 |    762 |      0 |    178 |    330 |   1 |  762.0 |
      Gauntlet |    916 |    916 |      0 |      0 |    757 |   1 |  916.0 |
               +--------+--------+--------+--------+--------+-----+--------+

Top non-repeatable levels by time:
     D:9: 4163 daAuts
   Elf:3: 4112 daAuts
  Lair:2: 4100 daAuts
  Lair:3: 3910 daAuts
    D:13: 3601 daAuts
  Lair:1: 3579 daAuts
 Snake:3: 3330 daAuts
    D:15: 3048 daAuts
Depths:2: 3033 daAuts
Depths:1: 3019 daAuts
Vaults:2: 2888 daAuts
Vaults:1: 2757 daAuts
 Snake:1: 2684 daAuts
Vaults:5: 2520 daAuts
 Snake:4: 2477 daAuts
